 Dungeon Crawl Stone Soup version 0.20.1-1-g8b1a95d (webtiles) character file.

5109 minmayStuckAtMickeyD the Martial Artist (level 10, -8/105 HPs)
             Began as a Naga Transmuter on July 22, 2017.
             Was a High Priest of Cheibriados.
             Mangled by a five-headed hydra (10 damage)
             ... on level 8 of the Dungeon.
             The game lasted 00:14:48 (10444 turns).

minmayStuckAtMickeyD the Martial Artist (NaTm)     Turns: 10444, Time: 00:14:49

Health: -8/105     AC:  6    Str: 25    XL:     10   Next: 57%
Magic:  7/17       EV: 13    Int: 27    God:    Cheibriados [*****.]
Gold:   243        SH:  0    Dex: 25    Spells: 3/18 levels left

rFire    x . .     SeeInvis +     - Unarmed
rCold    + + +     Gourm    .   (shield currently unavailable)
rNeg     + . .     Faith    .   (armour currently unavailable)
rPois    +         Spirit   .   (helmet currently unavailable)
rElec    .         Reflect  .   (cloak currently unavailable)
rCorr    .         Harm     .   (gloves currently unavailable)
MR       +....                  (no barding)
Stlth    ++++......             (no amulet)
Regen    0.3/turn               m - ring of wizardry
MPRegen  0.2/turn               n - ring of positive energy

@: ice-form, very slow
A: see invisible, slow metabolism 1, spit poison 1, AC +3
a: Spit Poison, End Transformation, Bend Time, Temporal Distortion, Slouch, Step
From Time, Renounce Religion


You were on level 8 of the Dungeon.
You worshipped Cheibriados.
Cheibriados was extremely pleased with you.
You were very hungry.
You were a creature of crystalline ice.
You visited 1 branch of the dungeon, and saw 8 of its levels.
You also visited: Sewer and Ossuary.

You collected 243 gold pieces.

Inventory:

Missiles
 a - 78 arrows
Armour
 b - a +0 robe (melded)
 J - a +2 pair of gloves (melded)
Jewellery
 m - a ring of wizardry (left front paw)
 n - a ring of positive energy (right front paw)
 G - an uncursed amulet of guardian spirit
Scrolls
 h - a scroll of teleportation
 k - 3 scrolls of blinking
 l - 2 scrolls of remove curse
 o - a scroll of fog
 p - a scroll of fear
 q - 3 scrolls of magic mapping
 s - 2 scrolls of recharging
 t - 2 scrolls of identify
 y - 2 scrolls of random uselessness {unknown}
 C - a scroll of enchant armour {unknown}
 E - a scroll of immolation {unknown}
 I - a scroll of enchant weapon {unknown}
Potions
 e - a potion of ambrosia {unknown}
 g - 5 potions of heal wounds
 i - 4 potions of lignification
 j - a potion of brilliance
 u - a potion of mutation
 v - 4 potions of curing {unknown}
 w - 2 potions of flight {unknown}
 x - 4 potions of might {unknown}
 z - 3 potions of magic {unknown}
 A - 2 potions of cancellation {unknown}
 B - a potion of invisibility
 F - a potion of agility {unknown}
Books
 c - a book of Changes

   Spells                             Type                      Level
   a - Beastly Appendage              Transmutation                1
   b - Sticks to Snakes               Transmutation                2
   c - Spider Form                    Transmutation/Poison         3
   d - Ice Form                       Ice/Transmutation            4
   e - Blade Hands                    Transmutation                5
 H - a book of Maledictions

   Spells                             Type                      Level
   a - Corona                         Hexes                        1
   b - Ensorcelled Hibernation        Hexes/Ice                    2
   c - Confuse                        Hexes                        3
   d - Tukima's Dance                 Hexes                        3
   e - Dazzling Spray                 Conjuration/Hexes            3
Comestibles
 d - 5 bread rations
 f - 3 meat rations
 D - a royal jelly


   Skills:
 - Level 5.0 Fighting
 * Level 4.1 Dodging
 + Level 7.6 Stealth
 - Level 9.4 Unarmed Combat
 - Level 4.7 Spellcasting
 - Level 5.1 Transmutations
 - Level 6.7 Invocations


You had 3 spell levels left.
You knew the following spells:

 Your Spells              Type           Power        Failure   Level  Hunger
a - Beastly Appendage     Tmut           ####..       1%          1    None
b - Sticks to Snakes      Tmut           ####....     1%          2    None
c - Spider Form           Tmut/Pois      ###.......   3%          3    ##.....
d - Ice Form              Ice/Tmut       ###.....     11%         4    ####...
e - Blade Hands           Tmut           ####......   10%         5    #####..


Dungeon Overview and Level Annotations

Branches:
Dungeon (8/15)             Temple (0/1) D:7
   Lair: D:8-11

Altars:
Ashenzari
Cheibriados
Dithmenos
Fedhas
Kikubaaqudgha
Makhleb
Nemelex Xobeh
Okawaru
Ru
Sif Muna
Trog
Xom
The Shining One


Innate Abilities, Weirdness & Mutations

You cannot wear boots.
((Your serpentine skin is tough. (AC +3)))
You have supernaturally acute eyesight. (SInv)
((Armour fits poorly on your strangely shaped body.))
((Your system is resistant to poisons. (rPois)))
((You cover ground very slowly.))
You have a slow metabolism.
You can spit poison.
((Your tail ends in a poisonous barb.))


Message History

The five-headed hydra is moderately wounded.
The five-headed hydra barely misses you.
The five-headed hydra bites you. The five-headed hydra misses you.
The five-headed hydra bites you. The five-headed hydra bites you!
* * * LOW HITPOINT WARNING * * *
Unknown command.
You punch the five-headed hydra!
The five-headed hydra seems to slow down.
You freeze the five-headed hydra.
The five-headed hydra is heavily wounded.
Unknown command.
You barely miss the five-headed hydra.
The five-headed hydra is heavily wounded.
The five-headed hydra bites you but does no damage.
The five-headed hydra bites you!
* * * LOW HITPOINT WARNING * * *
The five-headed hydra bites you!
* * * LOW HITPOINT WARNING * * *
The five-headed hydra bites you!
You die...

##. #......##
....#..#....##
.###...#.##..##
........####.(####
.......#.##P.....###
<....#............P##
.....#.#...P.P.P...P#
.......#.PP.P).PP..P##.
.. .....PP.P.PDY.P.....
. ##..#.P.P.##+#P......
##....P..# ...P...
##..P...# ..P..#.
##.....# .....# #...P.P
..P..# ##..P.. .P..##
#...P.% P...# ##..P..


You could see a five-headed hydra.

Vanquished Creatures
  A two-headed ogre (D:8)
  Pikel (D:6)
  A gargoyle (D:6)
  Joseph (D:7)
  A yak (D:8)
  A wraith (Ossuary)
  Edmund (D:6)
  A porcupine (D:8)
  2 sky beasts
  A slave (D:6)
  2 ice beasts
  A black bear (D:8)
  A phantom (D:4)
  2 ogres
  2 centaurs
  3 big kobolds
  3 bullfrogs
  A scorpion (D:5)
  4 wights (D:7)
  A howler monkey (D:4)
  7 crimson imps
  3 orc priests
  A human zombie (Ossuary)
  3 jellies
  A bullfrog skeleton (D:7)
  6 orc wizards
  2 iguanas
  7 worker ants
  A hound zombie (D:5)
  3 hound skeletons
  3 mummies (Ossuary)
  8 gnolls
  16 adders
  A river rat (D:3)
  A shadow imp (D:5)
  5 oozes
  2 adder skeletons
  A worm (D:4)
  4 dart slugs
  6 leopard geckos
  31 orcs
  8 ball pythons
  7 giant cockroaches
  11 goblins
  6 hobgoblins
  3 jackals (D:7)
  4 quokkas
  4 bats
  5 frilled lizards
  4 goblin zombies (Ossuary)
  4 hobgoblin zombies (Ossuary)
  20 kobolds
  A kobold zombie (Ossuary)
  A quokka skeleton (D:4)
  9 rats
  A butterfly (D:7)
  A plant (D:8)
  A withered plant (D:7)
233 creatures vanquished.

Vanquished Creatures (others)
  Sigmund (D:6)
  A slave (D:6)
  A phantom (D:6)
  2 bullfrogs (D:6)
  A quasit (D:6)
6 creatures vanquished.

Grand Total: 239 creatures vanquished

Notes
Turn   | Place    | Note
-------+----------+-------------------------------------------
     0 | D:1      | minmayStuckAtMickeyD the Naga Transmuter began the quest for the Orb.
     0 | D:1      | Reached XP level 1. HP: 18/18 MP: 3/3
   613 | D:1      | Reached XP level 2. HP: 20/25 MP: 3/5
   620 | D:1      | Learned a level 2 spell: Sticks to Snakes
  1072 | D:1      | Reached skill level 4 in Unarmed Combat
  1326 | D:1      | Reached XP level 3. HP: 23/31 MP: 4/6
  1331 | D:1      | Learned a level 3 spell: Spider Form
  2310 | D:2      | Reached XP level 4. HP: 38/38 MP: 5/7
  2885 | D:3      | Found a shattered altar of Ashenzari.
  2907 | D:3      | Found a bloodstained altar of Trog.
  2938 | D:3      | Found a snail-covered altar of Cheibriados.
  2959 | D:3      | Became a worshipper of Cheibriados the Contemplative
  3010 | D:3      | Found a glowing drain.
  3019 | Sewer    | Entered a sewer
  3044 | Sewer    | Reached XP level 5. HP: 37/44 MP: 6/9
  3085 | Sewer    | Noticed a big kobold
  3094 | Sewer    | Killed a big kobold
  3094 | Sewer    | Reached skill level 5 in Unarmed Combat
  3580 | Sewer    | Reached XP level 6. HP: 37/51 MP: 8/10
  3893 | Sewer    | Reached * piety under Cheibriados
  3920 | Sewer    | Reached skill level 6 in Unarmed Combat
  4338 | D:3      | Found a shimmering altar of Xom.
  4345 | D:3      | Reached skill level 1 in Invocations
  4499 | D:3      | Found a deep blue altar of Sif Muna.
  4530 | D:4      | Noticed a phantom
  4563 | D:4      | Killed a phantom
  4563 | D:4      | Reached XP level 7. HP: 52/57 MP: 4/11
  4746 | D:4      | Reached ** piety under Cheibriados
  4963 | D:4      | Reached skill level 7 in Unarmed Combat
  5143 | D:4      | Learned a level 4 spell: Ice Form
  5593 | D:4      | Found a shadowy altar of Dithmenos.
  5607 | D:4      | Found a sacrificial altar of Ru.
  5708 | D:4      | Found a sparkling altar of Nemelex Xobeh.
  5758 | D:4      | Reached skill level 1 in Stealth
  5795 | D:4      | Found a blossoming altar of Fedhas.
  6322 | D:5      | Entered Level 5 of the Dungeon
  6342 | D:5      | Found a glowing golden altar of the Shining One.
  6343 | D:5      | Found a sand-covered staircase.
  6352 | Ossuary  | Entered an ossuary
  6352 | Ossuary  | Noticed a wraith
  6352 | Ossuary  | Noticed a wraith
  6352 | Ossuary  | Noticed a wraith
  6560 | Ossuary  | Reached *** piety under Cheibriados
  6997 | Ossuary  | Noticed a wraith
  7003 | Ossuary  | Killed a wraith
  7003 | Ossuary  | Reached XP level 8. HP: 38/64 MP: 7/12
  7609 | D:5      | Found an iron altar of Okawaru.
  7745 | D:5      | Reached skill level 5 in Transmutations
  7975 | D:5      | Reached **** piety under Cheibriados
  8197 | D:5      | Learned a level 5 spell: Blade Hands
  8335 | D:6      | Noticed Pikel
  8346 | D:6      | Killed Pikel
  8346 | D:6      | Reached skill level 8 in Unarmed Combat
  8346 | D:6      | Reached XP level 9. HP: 67/70 MP: 11/16
  8386 | D:6      | Reached skill level 5 in Invocations
  8394 | D:6      | Noticed a gargoyle
  8399 | D:6      | Killed a gargoyle
  8399 | D:6      | Reached skill level 9 in Unarmed Combat
  8474 | D:6      | Noticed Edmund
  8479 | D:6      | HP: 3/70 [centaur (6)]
  8484 | D:6      | Killed Edmund
  8858 | D:6      | Gained mutation: Your tail ends in a poisonous barb. [mutagenic meat]
  8893 | D:6      | Killed Sigmund
  9156 | D:6      | Found a burning altar of Makhleb.
  9440 | D:7      | Found an ancient bone altar of Kikubaaqudgha.
  9484 | D:7      | Reached ***** piety under Cheibriados
  9549 | D:7      | Reached XP level 10. HP: 85/85 MP: 11/17
  9550 | D:7      | Found a staircase to the Ecumenical Temple.
  9907 | D:7      | Noticed Joseph
  9914 | D:7      | Killed Joseph
  9914 | D:7      | Reached skill level 5 in Fighting
  9914 | D:7      | Reached skill level 5 in Stealth
 10408 | D:8      | Noticed a two-headed ogre
 10432 | D:8      | Killed a two-headed ogre
 10434 | D:8      | Noticed a five-headed hydra
 10444 | D:8      | HP: 2/105 [five-headed hydra (10)]
 10444 | D:8      | Mangled by a five-headed hydra

Skill      XL: |  1  2  3  4  5  6  7  8  9 10 |
---------------+-------------------------------+-----
Unarmed Combat | 4 5 6 7 8 9 |  9.4
Transmutations | 3 4 5 |  5.1
Invocations    | 1 2 4 6 |  6.7
Stealth        | 2 4 7 |  7.6
Spellcasting   | 3 4 |  4.7
Fighting       | 4 5 |  5.0
Dodging        | 4 |  4.1

Action                   |  1- 3 |  4- 6 |  7- 9 | 10-12 || total
-------------------------+-------+-------+-------+-------++-------
Melee: Unarmed           |   109 |   149 |   267 |    65 ||   590
       Headbutt          |    13 |     7 |     9 |       ||    29
       Punch             |       |     2 |     4 |     5 ||    11
       Tailslap          |       |       |     2 |    17 ||    19
 Cast: Beastly Appendage |    23 |    14 |     5 |       ||    42
       Sticks to Snakes  |     1 |     2 |     2 |       ||     5
       Spider Form       |       |    11 |     9 |       ||    20
       Ice Form          |       |       |    13 |     1 ||    14
       Blade Hands       |       |       |    19 |     9 ||    28
Invok: Temporal Distorti |       |       |     1 |     2 ||     3
       Bend Time         |       |       |       |     1 ||     1
 Abil: Spit Poison       |    12 |    10 |     6 |       ||    28
       End Transformatio |       |       |       |     1 ||     1
  Use: Scroll            |       |     2 |     9 |     4 ||    15
       Potion            |       |       |     1 |       ||     1
 Stab: Distracted        |       |     1 |     2 |       ||     3
       Sleeping          |       |       |     5 |     1 ||     6
  Eat: Chunk             |     4 |     8 |    12 |     4 ||    28
       Bread ration      |       |       |     2 |       ||     2
Armor: Robe              |    22 |    15 |    29 |     8 ||    74
       Skin              |       |     1 |    12 |     1 ||    14
Dodge: Dodged            |    67 |    85 |   125 |    43 ||   320
